AoeStats
← martin,,.

Hideout

510000211Analyzed
1v1 RM · 4d ago on Sep 29, 2026· 49m 52s· 2 players
Game mode
Random Map
Map size
Tiny (2 player)
Population
200
Speed
Normal
Resources
Standard
Victory
Conquest
Starting age
Dark Age
Ending age
Imperial Age
RankedLock teamsTeams togetherTeam positionsShared explorationLock speedFull tech treeHidden civsTurbo modeCheats
Victory
Defeat
🇦🇷 Celts · Argentina
820
+17
🇦🇷 Magyars · Argentina
846
-17
Bre22
7:56 Loom
8:37 Loom
10:59 Feudal Age
12:00 Double-Bit Axe
16:27 Castle Age
15:43 Scale Mail Armor
18:13 Wheelbarrow
17:34 Gold Mining
19:24 Pikeman
24:09 Horse Collar
26:26 Forging
32:30 Bow Saw
33:02 Heavy Plow
37:28 Town Watch
37:59 Hand Cart
42:12 Imperial Age
41:02 Ballistics
40:53 Masonry
42:25 Capped Ram
44:17 Heavy Scorpion
45:25 Conscription
47:45 Halberdier
49:08 Siege Ram
martin,,.
5:44 Loom
9:58 Feudal Age
10:25 Double-Bit Axe
13:31 Wheelbarrow
15:23 Scale Barding Armor
17:53 Castle Age
16:21 Horse Collar
16:37 Gold Mining
16:51 Stone Mining
18:58 Scale Barding Armor
20:09 Fletching
20:43 Padded Archer Armor
24:31 Chain Barding Armor
27:14 Thumb Ring
30:49 Gold Shaft Mining
35:45 Imperial Age
33:56 Husbandry
34:07 Bloodlines
33:59 Bodkin Arrow
34:20 Leather Archer Armor
37:36 Heavy Cavalry Archer
38:41 Parthian Tactics
39:22 Conscription
39:06 Recurve Bow
40:39 Plate Barding Armor
40:14 Bracer
40:45 Ring Archer Armor
40:55 Bow Saw
45:04 Ballistics
45:45 Chemistry
47:21 Masonry
46:56 Treadmill Crane
Connection lost

Rejoining the realm…

Still unreachable

The connection could not be restored.

Session expired

The server has moved on; the page needs a fresh start.